 Dungeon Crawl Stone Soup version 0.29.0-4-gdea44cf6ec (webtiles) character file.

Game seed: 5200188818844929636

53 qw the Chopper (level 3, 0/29 HPs)
             Began as a Barachi Chaos Knight on Sept 4, 2022.
             Killed from afar by Jessica (6 damage)
             ... with a puff of flame
             ... on level 3 of the Dungeon.
             The game lasted 00:00:53 (2394 turns).

qw the Chopper (Barachi Chaos Knight)               Turns: 2394, Time: 00:00:53

Health: 0/29       AC:  7    Str: 19    XL:     3   Next: 89%
Magic:  3/3        EV:  7    Int: 11    God:
Gold:   129        SH: 11    Dex:  8    Spells: 2/2 levels left

rFire   . . .      SeeInvis .   Y - +0 hand axe (chaos)
rCold   . . .      Faith    .   d - +0 tower shield
rNeg    . . .      Spirit   .   b - +2 leather armour
rPois   .          Reflect  .   (no helmet)
rElec   .          Harm     .   i - +0 cloak
rCorr   .          Rampage  .   (no gloves)
Will    .....                   g - +0 pair of boots
Stlth   +.........              (no amulet)
HPRegen 0.09/turn               (no ring)
MPRegen 0.08/turn               (no ring)

@: slowed, unable to drink, very slow
A: amphibious, slowness 1, strong legs 1, +LOS, clumsy 1, strong 1, inability to
drink after injury 1
a: Hop


You were on level 3 of the Dungeon.
You visited 1 branch of the dungeon, and saw 3 of its levels.

You collected 129 gold pieces.


Innate Abilities, Weirdness & Mutations

You are amphibious.
You cover ground slowly.
You can hop short distances.
You have an extended range of vision and can be seen from far away.
You are clumsy. (Dex -2)
Your muscles are strong. (Str +4, Int/Dex -1)
You occasionally lose the ability to drink potions when taking damage.


   Skills:
 - Level 3.6 Fighting
 - Level 4.0 Axes
 - Level 2.4 Armour
 - Level 1.1 Dodging
 + Level 3.0 Shields


You had 2 spell levels left.
You didn't know any spells.
Your spell library was empty.

Inventory:

Hand Weapons
 l - a +0 mace
 Y - a +0 hand axe of chaos (weapon)
Armour
 b - a +2 leather armour (worn)
 d - a +0 tower shield (worn)
 g - a +0 pair of boots (worn)
 i - a +0 cloak (worn)
Scrolls
 a - a scroll of immolation {unknown}
 h - a scroll of summoning {unknown}
 k - a scroll of poison {unknown}
 m - a scroll of teleportation {unknown}
 n - a scroll of identify
Potions
 e - a potion of invisibility {unknown}
 f - a potion of attraction {unknown}
 j - 2 potions of curing
Miscellaneous
 c - a piece from Xom's chessboard (15/15)

Dungeon Overview and Level Annotations

Branches:
Dungeon (3/15)

Altars:

Annotations:
D:3 Jessica


Message History

a - a scroll labelled DODELL OQOHUIS
Found a leather armour.
h - a scroll labelled NALEARUIQE
Found an escape hatch in the ceiling.
k - a scroll labelled MATWEESEUNG
m - a scroll labelled PIR DIOCVAXT A goblin comes into view.
It is wielding a +0 dagger.
Found a stone staircase leading down.
The goblin shouts!
Enter note: You slash the goblin!
You burn the goblin.
You kill the goblin!
Your Shields skill increases to level 3!
n - a scroll of identify Jessica and a kobold come into view.
Jessica is wielding a +0 club and carrying a wand of flame (19).
Found a lumpy brown potion and a scroll labelled MATWEESEUNG.
Jessica shouts!
The kobold shouts!
Jessica points at you and mumbles some strange words.
You feel yourself slow down.
The kobold throws a stone.
The stone hits you but does no damage.
Found a stone staircase leading down.
Jessica hits you but does no damage.
You hit Jessica but do no damage.
Jessica is poisoned.
Jessica gestures at you while chanting. Pain shoots through your body!
A ball python comes into view.
You block Jessica's attack.
Jessica zaps a wand.
The puff of flame hits you.
The kobold throws a stone.
You block the stone.
2392 ||| Stepping ~*~*~tactically~*~*~ (stealth).
The ball python hisses angrily.
You block the kobold's attack. Jessica casts a spell at you.
Pain shoots through your body! You block the kobold's attack.
You barely miss Jessica.
Jessica is moderately wounded.
You hit the kobold but do no damage.
Jessica zaps a wand.
The puff of flame hits you.
You feel threatened and lose the ability to drink potions!
You die...

...>......# ........?.#
##### .......... .....
.......... #####
..!.....# ##......
...####.S...####
#......K@.....### # #@##
... # #..# #.# #####
##.## #.####....
#######..#####........#
................##...###
........)#...##.##.###
.........###.......# #
.........# ....#.### #
.>.......##.##...# #


You could see Jessica (poisoned), a ball python and a kobold.

Vanquished Creatures
  An adder (D:2)
  6 ball pythons
  5 endoplasms
  3 giant cockroaches (D:2)
  5 goblins
  4 hobgoblins (D:2)
  4 jackals
  4 bats
  2 frilled lizards (D:2)
  2 kobolds (D:2)
  3 rats (D:2)
39 creatures vanquished.

Notes
Turn   | Place    | Note
-------+----------+-------------------------------------------
     0 | D:1      | qw the Barachi Chaos Knight began the quest for the Orb.
     0 | D:1      | Reached XP level 1. HP: 18/18 MP: 1/1
     0 | D:1      | 0 ||| qw: Version: 0.1-a-103-gd6f5d3a
     0 | D:1      | 0 ||| qw: Game counter: 5456
     0 | D:1      | 0 ||| qw: Always use a shield: true
     0 | D:1      | 0 ||| qw: God list: Okawaru
     0 | D:1      | 0 ||| qw: Allow faded altars: false
     0 | D:1      | 0 ||| qw: Do Orc after D:15 true
     0 | D:1      | 0 ||| qw: Do second Lair branch before Depths: true
     0 | D:1      | 0 ||| qw: Lair rune preference: random
     0 | D:1      | 0 ||| qw: Plans: Normal
     0 | D:1      | 0 ||| PLANNING D:1-11
     0 | D:1      | Fell from the grace of Xom
   662 | D:1      | Reached XP level 2. HP: 11/24 MP: 2/2
   915 | D:1      | Reached skill level 4 in Axes
   958 | D:1      | Found a faded altar of an unknown god.
  1001 | D:1      | 1001 ||| UPGRADING to +0 tower shield.
  1006 | D:1      | 1006 ||| UPGRADING to +0 pair of boots.
  1011 | D:1      | 1011 ||| UPGRADING to +0 cloak.
  1016 | D:1      | 1016 ||| READING scroll labelled ECZUOVUAFO.
  1017 | D:1      | 1017 ||| READING scroll labelled BACWYXKUDOC.
  1018 | D:1      | 1018 ||| DRINKING 3 silvery potions.
  1192 | D:2      | 1192 ||| Stepping ~*~*~tactically~*~*~ (stealth).
  1224 | D:2      | XOM: swap monsters
  1310 | D:2      | Reached skill level 1 in Shields
  1336 | D:2      | XOM: give mutations
  1336 | D:2      | Gained mutation: You occasionally lose the ability to drink
                  | potions when taking damage. [Xom's mischief]
  1336 | D:2      | Gained mutation: Your muscles are strong. (Str +4, Int/Dex
                  | -1) [Xom's mischief]
  1336 | D:2      | Gained mutation: You are clumsy. (Dex -2) [Xom's mischief]
  1434 | D:2      | 1434 ||| Stepping ~*~*~tactically~*~*~ (stealth).
  1435 | D:2      | 1435 ||| Stepping ~*~*~tactically~*~*~ (stealth).
  1450 | D:2      | 1450 ||| Stepping ~*~*~tactically~*~*~ (stealth).
  1452 | D:2      | 1452 ||| Stepping ~*~*~tactically~*~*~ (stealth).
  1557 | D:2      | Reached XP level 3. HP: 29/29 MP: 3/3
  1601 | D:2      | 1601 ||| FLEEEEING.
  1602 | D:2      | 1602 ||| FLEEEEING.
  1603 | D:2      | 1603 ||| FLEEEEING.
  1644 | D:2      | XOM: torment (15/29 hp)
  1649 | D:2      | 1649 ||| FLEEEEING.
  1651 | D:2      | 1651 ||| FLEEEEING.
  1652 | D:2      | 1652 ||| FLEEEEING.
  1654 | D:2      | 1654 ||| STAIRDANCE
  1796 | D:1      | 1796 ||| READING scroll labelled ZYKOZIHUBRI.
  1805 | D:2      | 1805 ||| STAIRDANCE
  1863 | D:2      | 1863 ||| Stepping ~*~*~tactically~*~*~ (stealth).
  2039 | D:2      | 2039 ||| Stepping ~*~*~tactically~*~*~ (stealth).
  2040 | D:2      | 2040 ||| Stepping ~*~*~tactically~*~*~ (stealth).
  2067 | D:2      | 2067 ||| Stepping ~*~*~tactically~*~*~ (stealth).
  2151 | D:2      | 2151 ||| Stepping ~*~*~tactically~*~*~ (stealth).
  2384 | D:3      | Reached skill level 3 in Shields
  2389 | D:3      | Noticed Jessica
  2392 | D:3      | 2392 ||| Stepping ~*~*~tactically~*~*~ (stealth).
  2393 | D:3      | HP: 6/29 [Jessica/nerve-wracking pain (6)]
  2394 | D:3      | Killed from afar by Jessica

Levels and vault maps discovered:
D:1:      lightli_arrival_windingriver, layout_basic,
          shapermc_ecumenical_altar_ellora, dk_noncrumbling_2, item_on_display_a
D:2:      kennysheep_six_static_rooms, layout_basic
D:3:      layout_rooms, general_overflow_altar, uniq_grinder, uniq_terence,
          uniq_jessica

Skill      XL: |  1  2  3 |
---------------+----------+-----
Axes           | 4 |  4.0
Shields        | 2 3 |  3.0
Fighting       | |  3.6
Armour         | |  2.4
Dodging        | |  1.1

Action                   || total
-------------------------++-------
Melee: Hand axe          ||   125
Invok: Renounce Religion ||     1
  Use: Scroll            ||     3
       Potion            ||     1
 Stab: Confused          ||     1
Armor: Leather armour    ||    62
Dodge: Dodged            ||    52
Block: Tower shield      ||    43

Table legend:
 A = Non-vault XP
 B = Vault XP
 C = Vault XP percentage of total XP
 D = Non-vault monster count
 E = Vault monster count
 F = Vault count percentage of total count
                 A         B        C        D         E       F
            +---------+---------+-------+---------+---------+-------
      Total |      66 |      11 |  14.3 |      33 |       6 |  15.4
            +---------+---------+-------+---------+---------+-------
        D:1 |      13 |       0 |   0.0 |       8 |       0 |   0.0
        D:2 |      51 |      11 |  17.7 |      24 |       6 |  20.0
        D:3 |       2 |       0 |   0.0 |       1 |       0 |   0.0
            +---------+---------+-------+---------+---------+-------
